 Dungeon Crawl Stone Soup version 0.27-a0-828-g8289197e94 (webtiles) character file.

Game seed: 17636378582905332871

525 robertstho the Magician (level 7, -2/46 HPs)
             Began as a Djinni Fire Elementalist on Mar 30, 2021.
             Slain by a gnoll
             ... wielding a +0 halberd
              (14 damage)
             ... on level 4 of the Dungeon.
             The game lasted 00:06:38 (4994 turns).

robertstho the Magician (Djinni Fire Elementalist)  Turns: 4994, Time: 00:06:38

Health: -2/46      AC:  3    Str:  7    XL:     7   Next: 23%
Gold:   136        EV: 13    Int: 19    God:
                   SH:  0    Dex: 13

rFire    + + +     SeeInvis .   h - +0 short sword (drain)
rCold    x . .     Faith    .   (no shield)
rNeg     + . .     Spirit   .   a - +0 robe
rPois    ∞         Reflect  .   (no helmet)
rElec    .         Harm     .   (no cloak)
rCorr    .         Rampage  .   k - +0 pair of gloves
Will     .....                  (boots unavailable)
Stlth    ++........             (no amulet)
HPRegen  0.15/turn              b - ring of protection from fire
MPRegen  0.00/turn              d - ring of positive energy

@: flying, very slightly contaminated
A: fire resistance 2, cold vulnerability 1, float, innate caster, hp casting,
extra vitality 1
a: no special abilities


You were on level 4 of the Dungeon.
You visited 1 branch of the dungeon, and saw 4 of its levels.

You collected 136 gold pieces.

Inventory:

Hand Weapons
 h - a +0 short sword of draining (weapon)
Armour
 a - a +0 robe (worn)
 k - a +0 pair of gloves (worn)
Jewellery
 b - a ring of protection from fire (left hand)
 d - a ring of positive energy (right hand)
Scrolls
 c - a scroll of identify
 g - a scroll of brand weapon


   Skills:
 + Level 0.7 Fighting
 + Level 1.0 Short Blades
 + Level 4.0 Dodging
 + Level 2.8 Stealth
 + Level 5.6 Spellcasting


You couldn't memorise any spells.
You knew the following spells:

 Your Spells              Type           Power      Damage    Failure   Level
a - Foxfire               Conj/Fire      100%       2x1d9     1%          1
b - Conjure Flame         Conj/Fire      26%        6-21      3%          3
c - Inner Flame           Hex/Fire       26%        N/A       3%          3
d - Sticky Flame          Conj/Fire      26%        2d5       12%         4
e - Fireball              Conj/Fire      13%        3d7       32%         5
f - Sting                 Tmut/Pois      100%       1d8       1%          1
g - Slow                  Hex            26%        N/A       1%          2
h - Stone Arrow           Conj/Erth      52%        3d10      3%          3
Your spell library was empty.

Dungeon Overview and Level Annotations

Branches:
Dungeon (4/15)
 Temple: D:4-7

Altars:
Qazlal

Shops:
D:1 *   D:2 (


Innate Abilities, Weirdness & Mutations

You are immune to poison.
Your flesh is very heat resistant. (rF++)
You are vulnerable to cold. (rC-)
You float through the air rather than walking.
You learn spells naturally, not from books.
Your magical power is your life essence.
You have superior vitality. (+4 HP)


Message History

Unknown command.
The foxfire hits the gnoll.
The gnoll is severely wounded.
The foxfire hits the gnoll.
The gnoll is severely wounded.
A gnoll comes into view. It is wielding a +0 halberd.
Things that are here:
a +0 dagger; a +0 robe; an orc corpse It was a potion of heal wounds.
You feel much better. The gnoll hits you with a +0 flail!
The gnoll completely misses you.
Casting: Foxfire (safe; 1% risk of failure)
Confirm with . or Enter, or press ? or * to list all spells.
The spell is extremely dangerous to cast (32% risk of failure)!
Continue anyway?
Aiming: Fireball (extremely dangerous; 32% risk of failure)
Press: ? - help, Shift-Dir - straight line, f - gnoll
Aim: a gnoll, wielding a +0 flail (severely wounded)
You miscast Fireball.
You are very lightly contaminated with residual magic.
Nothing appears to happen.
Unknown command.
Casting: Fireball (extremely dangerous; 32% risk of failure)
Confirm with . or Enter, or press ? or * to list all spells.
The spell is quite dangerous to cast (12% risk of failure)!
Continue anyway? [Y]es or [N]o only, please.
The spell is quite dangerous to cast (12% risk of failure)!
Continue anyway?
Okay, then.
Casting: Sticky Flame (quite dangerous; 12% risk of failure)
Confirm with . or Enter, or press ? or * to list all spells.
The spell is quite dangerous to cast (12% risk of failure)!
Continue anyway?
Aiming: Sticky Flame (quite dangerous; 12% risk of failure)
Press: ? - help, Shift-Dir - straight line, f/p - gnoll
Aim: a gnoll, wielding a +0 flail (severely wounded, 0% to evade)
The sticky flame hits the gnoll.
You kill the gnoll!
* * * LOW HITPOINT WARNING * * *
The gnoll completely misses you.
Your Short Blades skill increases to level 1!
The gnoll hits you from afar with a +0 halberd!
You die...

#.#
#........)..).......
#.#
.#####.###.#####...
#.# #.# #)## #.# #.#
#.# #..# #.# #.#
#)####.#####.# #.#
#.#.......##.# #<#
#g#.#####.##.# #.# ..#
#.#.# #.##.# ..# #.#
#.@.# #....# .## #.#
###.# #.#### .# #.#
#.#####.# .# #.#
#.......# .# #.#
####.####
.#########.####### #.#
........##.......###.#
#######..............#
##########.#####


You could see a gnoll.

Vanquished Creatures
  Sigmund (D:2)
  A hound (D:3)
  Jessica (D:2)
  Terence (D:2)
  An orc wizard (D:4)
  15 gnolls
  2 adders (D:2)
  2 worms
  3 orcs
  10 endoplasms
  3 giant cockroaches
  10 goblins
  2 hobgoblins
  8 jackals
  11 kobolds
  6 quokkas
  4 ball pythons
  5 bats
  4 frilled lizards
  7 rats
97 creatures vanquished.

Vanquished Creatures (collateral kills)
  3 foxfires (D:3)
3 creatures vanquished.

Vanquished Creatures (others)
  300 foxfires
  31 plants (D:3)
331 creatures vanquished.

Grand Total: 431 creatures vanquished

Notes
Turn   | Place    | Note
-------+----------+-------------------------------------------
     0 | D:1      | robertstho the Djinni Fire Elementalist began the quest for
                  | the Orb.
     0 | D:1      | Reached XP level 1. HP: 15/15 MP: 0/0
   342 | D:1      | Reached skill level 3 in Spellcasting
   346 | D:1      | Reached XP level 2. HP: 18/21 MP: 0/0
   792 | D:1      | Reached XP level 3. HP: 23/25 MP: 0/0
   792 | D:1      | Learned a level 1 spell: Sting
  1370 | D:1      | Found Ocim's Assorted Antiques.
  1675 | D:2      | Found Icziul's Antique Weapon Boutique.
  1844 | D:2      | Reached XP level 4. HP: 29/31 MP: 0/0
  1914 | D:2      | Found a stormy altar of Qazlal.
  1915 | D:2      | Noticed a water elemental
  1972 | D:2      | Identified the Reference Book on the Rocks and the Escort
  1976 | D:2      | Noticed an air elemental
  1977 | D:2      | Noticed an earth elemental
  1977 | D:2      | Noticed a fire elemental
  1993 | D:2      | Noticed Terence
  2000 | D:2      | Killed Terence
  2001 | D:2      | Reached skill level 4 in Spellcasting
  2227 | D:2      | Noticed Jessica
  2233 | D:2      | Killed Jessica
  2234 | D:2      | Reached XP level 5. HP: 22/35 MP: 0/0
  2234 | D:2      | Learned a level 2 spell: Slow
  2461 | D:2      | Noticed Sigmund
  3279 | D:2      | Killed Sigmund
  3280 | D:2      | Reached skill level 5 in Spellcasting
  3280 | D:2      | Reached XP level 6. HP: 22/41 MP: 0/0
  4205 | D:3      | HP: 1/41 [something (18)]
  4618 | D:3      | Reached XP level 7. HP: 45/46 MP: 0/0
  4618 | D:3      | Learned a level 3 spell: Stone Arrow
  4991 | D:4      | Reached skill level 1 in Short Blades
  4994 | D:4      | Slain by a gnoll

Illustrated notes

Levels and vault maps discovered:
D:1:      dpeg_arrival_round_a, layout_basic, serial_shops,
          nicolae_shop_behind_doors
D:2:      layout_basic, nicolae_qazlal_style_of_elements, serial_shops, shop,
          uniq_terence, uniq_sigmund, uniq_jessica
D:3:      wad_woods_tower, layout_basic
D:4:      layout_loops_ring

Skill      XL: |  1  2  3  4  5  6  7 |
---------------+----------------------+-----
Spellcasting   | 3 4 5 |  5.6
Dodging        | 3 4 |  4.0
Stealth        | 2 |  2.8
Short Blades   | 1 |  1.0
Fighting       | |  0.7

Action                   |  1- 3 |  4- 6 |  7- 9 || total
-------------------------+-------+-------+-------++-------
Melee: Unarmed           |     1 |       |       ||     1
       Short sword       |       |    11 |       ||    11
 Cast: Foxfire           |    65 |    90 |    19 ||   174
       Sticky Flame      |       |     2 |     1 ||     3
       Fireball          |       |     1 |       ||     1
       Conjure Flame     |       |     1 |       ||     1
  Use: Scroll            |     2 |     3 |       ||     5
       Potion            |       |     4 |     1 ||     5
Armor: Robe              |     4 |     5 |     2 ||    11
Dodge: Dodged            |    11 |    41 |    10 ||    62

Table legend: (Time is in decaauts)
 A = Elapsed time spent in this place.
 B = Non-inter-level travel time spent in this place.
 C = Inter-level travel time spent in this place.
 D = Time resting spent in this place.
 E = Time spent auto-exploring this place.
 F = Levels seen in this place.
 G = Mean time per level.
                   A        B        C        D        E       F      G
               +--------+--------+--------+--------+--------+-----+--------+
         Total |   4994 |   4921 |     73 |    511 |   3703 |   4 | 1248.5 |
       Dungeon |   4994 |   4921 |     73 |    511 |   3703 |   4 | 1248.5 |
               +--------+--------+--------+--------+--------+-----+--------+

Top non-repeatable levels by time:
     D:2: 1985 daAuts
     D:3: 1516 daAuts
     D:1: 1401 daAuts
     D:4: 91 daAuts
